 Dungeon Crawl Stone Soup version 0.28-a0-984-g3775c662fe (webtiles) character file.

Game seed: 13980912742028028566

1771 voltaire321 the Magician (level 8, -4/45 HPs)
             Began as a Deep Elf Hedge Wizard on Dec 4, 2021.
             Was an Initiate of Sif Muna.
             Slain by Duvessa (15 damage)
             ... on level 6 of the Dungeon.
             The game lasted 00:34:55 (10355 turns).

voltaire321 the Magician (Deep Elf Hedge Wizard)   Turns: 10355, Time: 00:34:56

Health: -4/45      AC:  6    Str:  7    XL:     8   Next: 80%
Magic:  17/19      EV: 12    Int: 22    God:    Sif Muna [......]
Gold:   134        SH:  4    Dex: 14    Spells: 8/20 levels left

rFire   . . .      SeeInvis .   f - +1 dagger (venom)
rCold   . . .      Faith    .   h - +0 buckler
rNeg    . . .      Spirit   .   E - +1 leather armour {rPois}
rPois   +          Reflect  .   c - +0 hat
rElec   .          Harm     .   o - +0 cloak
rCorr   .          Rampage  .   e - +0 pair of gloves
Will    .....                   (no boots)
Stlth   +++.......              (no amulet)
HPRegen 0.15/turn               (no ring)
MPRegen 0.16/turn               (no ring)

@: no status effects
A: no striking features
a: Renounce Religion


You were on level 6 of the Dungeon.
You worshipped Sif Muna.
Sif Muna was noncommittal.
You visited 2 branches of the dungeon, and saw 7 of its levels.

You collected 309 gold pieces.
You spent 175 gold pieces at shops.

Inventory:

Hand Weapons
 f - a +1 dagger of venom (weapon)
 p - a +2 dagger of protection
 x - a +0 rapier
Armour
 c - a +0 hat (worn)
 e - a +0 pair of gloves (worn)
 h - a +0 buckler (worn)
 o - a +0 cloak (worn)
 y - a +2 ring mail of fire resistance
 E - a +1 leather armour of poison resistance (worn)
Magical Staves
 k - a staff of poison
 n - a staff of earth
Jewellery
 d - a ring of protection from cold
 m - a +6 ring of strength
Wands
 w - a wand of polymorph (8)
Scrolls
 a - 2 scrolls of magic mapping
 b - a scroll of identify
 i - a scroll of fear
 j - a scroll of enchant weapon
 l - a scroll of teleportation
 u - 2 scrolls of blinking
 C - a scroll of fog
 D - a scroll of amnesia
Potions
 q - a potion of flight
 r - a potion of lignification
 s - a potion of cancellation
 t - a potion of mutation
 v - 2 potions of heal wounds
 z - a potion of curing
 A - a potion of brilliance
 B - a potion of ambrosia


   Skills:
 + Level 2.8 Fighting
 + Level 0.9 Armour
 + Level 4.8 Dodging
 + Level 5.5 Stealth
 + Level 2.5 Shields
 + Level 6.5 Spellcasting
 + Level 4.1 Conjurations
 - Level 4.0 Summonings
 + Level 4.1 Translocations
 - Level 2.0 Fire Magic
 + Level 2.6 Air Magic
 + Level 1.6 Invocations


You had 8 spell levels left.
You knew the following spells:

 Your Spells              Type           Power      Damage    Failure   Level
a - Magic Dart            Conj           100%       1d8       2%          1
b - Call Imp              Summ           24%        N/A       4%          2
c - Blink                 Tloc           50%        N/A       4%          2
d - Conjure Flame         Conj/Fire      20%        6-21      13%         3
e - Airstrike             Air            9%         N/A       45%         4

Your spell library contained the following spells:

 Spells                   Type           Power      Damage    Failure   Level
 Shock                    Conj/Air       88%        1d8       3%          1
 Slow                     Hex            28%        N/A       16%         1
 Swiftness                Air            18%        N/A       16%         3
 Mephitic Cloud           Conj/Pois/Air  17%        N/A       19%         3
 Ensorcelled Hibernation  Hex/Ice        14%        N/A       24%         2
 Spider Form              Tmut/Pois      7%         N/A       43%         3


Dungeon Overview and Level Annotations

Branches:
Dungeon (6/15)             Temple (1/1) D:5

Altars:
Ashenzari
Cheibriados
Dithmenos
Elyvilon
Fedhas
Gozag
Hepliaklqana
Kikubaaqudgha
Makhleb
Nemelex Xobeh
Okawaru
Ru
Sif Muna
Trog
Uskayaw
Vehumet
Wu Jian
Xom
Yredelemnul
Zin
The Shining One

Shops:
D:5 !?*::   D:6 :

Annotations:
D:6 Duvessa


Message History

Aim: Dowan, wielding a +0 dagger and wearing a +0 leather armour (moderately wounded, 100% to hit)
The magic dart hits Dowan.
Dowan is moderately wounded.
Duvessa shouts!
You hit Dowan.
Dowan is poisoned.
Dowan is moderately wounded.
Dowan barely misses you.
You closely miss Dowan.
Dowan is moderately wounded.
Dowan hits you but does no damage.
You hit Dowan but do no damage.
Dowan is heavily wounded.
Dowan barely misses you.
You barely miss Dowan.
Dowan is heavily wounded.
You hit Dowan.
Dowan looks as sick as possible!
Dowan is heavily wounded.
Dowan misses you. Duvessa hits you with a +0 short sword!
You closely miss Dowan.
Dowan is severely wounded.
Dowan gestures at you while chanting. The puff of frost hits you.
Duvessa barely misses you. Dowan hits you with a +0 dagger.
You miss Dowan.
Dowan is severely wounded.
Duvessa hits you with a +0 short sword! Dowan hits you with a +0 dagger.
You kill Dowan!
Sif Muna accepts your kill.
Duvessa weeps, then rights herself and shakes her weapon.
Duvessa goes berserk!
You see here an adder corpse.
Things that are here:
a +0 dagger; a +0 robe; an orc corpse Duvessa hits you with a +0 short sword.
* * * LOW HITPOINT WARNING * * *
Casting: Magic Dart (safe; 2% risk of failure)
Confirm with . or Enter, or press ? or * to list all spells.
A beastly little devil appears in a puff of flame.
Duvessa hits you with a +0 short sword!
You die...

#.... #.... ..[...#+####
......#....# .# . ......'..<.#
..#.. #.)..# ..'. ##..## ...#
############.†###5.[###
#............)e@.......
#........≈≈≈..)........
#.......≈≈≈≈≈..........
#.........∩≈≈.......... ####
#.......≈≈≈≈≈.......... #...
#........≈≈≈.^......... #...
########..##.################...
#...)#######'#..................
#.....#......#..................


You could see Duvessa (berserk, ally target) and a friendly crimson imp
(summoned).

Vanquished Creatures
  Eustachio (D:5)
  Edmund (D:5)
  A water moccasin (D:6)
  2 ice beasts
  An orc warrior (D:6)
  4 ogres
  Dowan (D:6)
  4 hounds
  A jelly (D:5)
  A bullfrog skeleton (D:5)
  An iguana (D:4)
  2 orc wizards
  A hound skeleton (D:4)
  3 adders
  A gnoll (D:1)
  An ufetubus (D:6)
  A worm (D:2)
  4 dart slugs
  11 orcs
  7 endoplasms
  3 giant cockroaches
  7 goblins
  9 hobgoblins
  11 jackals
  8 kobolds
  7 quokkas
  6 ball pythons
  3 bats
  2 frilled lizards (D:1)
  6 rats
111 creatures vanquished.

Vanquished Creatures (collateral kills)
  An ogre (D:5)
  A necrophage (D:6)
  A centaur zombie (D:5)
  A jelly (D:5)
  Crazy Yiuf (D:2)
  A bullfrog skeleton (D:5)
  A scorpion zombie (D:5)
  2 adders
  An ufetubus (D:6)
  A worm (D:2)
  An orc (D:6)
  2 jackals
14 creatures vanquished.

Vanquished Creatures (others)
  6 plants (D:5)
6 creatures vanquished.

Grand Total: 131 creatures vanquished

Notes
Turn   | Place    | Note
-------+----------+-------------------------------------------
     0 | D:1      | voltaire321 the Deep Elf Hedge Wizard began the quest for
                  | the Orb.
     0 | D:1      | Reached XP level 1. HP: 10/10 MP: 7/7
   619 | D:1      | Reached XP level 2. HP: 15/15 MP: 1/9
   828 | D:1      | Found a faded altar of an unknown god.
   842 | D:1      | Learned a level 2 spell: Call Imp
   845 | D:1      | Learned a level 2 spell: Blink
   998 | D:1      | Reached XP level 3. HP: 20/20 MP: 8/11
  2027 | D:2      | Reached skill level 1 in Fighting
  2048 | D:2      | Reached XP level 4. HP: 25/25 MP: 7/12
  2846 | D:2      | Found a runed translucent door.
  2847 | D:2      | Noticed Crazy Yiuf
  2867 | D:2      | Killed Crazy Yiuf
  3205 | D:3      | Reached XP level 5. HP: 16/29 MP: 7/14
  3403 | D:3      | Reached skill level 5 in Spellcasting
  3652 | D:3      | Noticed an ice beast
  3675 | D:3      | Killed an ice beast
  3816 | D:3      | Reached skill level 1 in Shields
  4080 | D:3      | Learned a level 3 spell: Conjure Flame
  4219 | D:4      | Reached XP level 6. HP: 27/34 MP: 10/15
  5306 | D:5      | Entered Level 5 of the Dungeon
  5316 | D:5      | Learned a level 4 spell: Airstrike
  5662 | D:5      | Found Oqefraeh's Magic Scroll Emporium.
  5665 | D:5      | Found Juhoppuo's Distillery.
  5667 | D:5      | Bought a scroll of enchant weapon for 105 gold pieces
  5667 | D:5      | Bought a scroll of teleportation for 42 gold pieces
  5667 | D:5      | Bought a scroll of identify for 28 gold pieces
  5705 | D:5      | Reached skill level 1 in Fire Magic
  5854 | D:5      | Found a blossoming altar of Fedhas.
  5899 | D:5      | Reached XP level 7. HP: 9/39 MP: 17/17
  6162 | D:5      | Found Amnaf's General Store.
  6207 | D:5      | Reached skill level 1 in Air Magic
  7067 | D:5      | Found Olikil's Book Shoppe.
  7436 | D:5      | Noticed Eustachio
  7437 | D:5      | Noticed Edmund
  7516 | D:5      | Killed Edmund
  7517 | D:5      | Reached skill level 6 in Spellcasting
  7517 | D:5      | Reached XP level 8. HP: 4/44 MP: 15/19
  8074 | D:5      | Found a staircase to the Ecumenical Temple.
  8078 | Temple   | Entered the Ecumenical Temple
  8528 | Temple   | Became a worshipper of Sif Muna the Loreminder
  8577 | D:5      | Found Gempijy's Book Shop.
  8857 | D:6      | Noticed Dowan
  8860 | D:6      | Noticed Duvessa
  9382 | D:5      | Killed Eustachio
  9383 | D:5      | Reached skill level 5 in Stealth
  9659 | D:6      | Found a hazy altar of Hepliaklqana.
  9683 | D:6      | Reached skill level 1 in Invocations
 10263 | D:6      | Found Uleanig's Book Boutique.
 10352 | D:6      | Killed Dowan
 10355 | D:6      | Slain by Duvessa

Illustrated notes

Levels and vault maps discovered:
D:1:      erik_arrival_blinker_ship, layout_loops_ring,
          ebering_ecumenical_altar_rust
D:2:      minmay_alternating_diamond, layout_basic, st_stairs_8,
          minmay_octomino_j4, uniq_crazy_yiuf_cottage
D:3:      layout_loops_cross, minivault_23, minmay_ruptured
D:4:      layout_gridville, minivault_25
D:5:      layout_loops_cross, fedhas_ov_isle_minmay, temple_statues,
          serial_shops, shop_statue, shop,
          nicolae_shop_competitors_out_of_business, shop_fountains,
          nicolae_shop_stone, uniq_edmund, uniq_eustachio
D:6:      layout_gridville, serial_shops, nicolae_shop_waterfront,
          hangedman_feature_mirror, uniq_duvessa
Temple:   mainiacjoe_temple_big_plus

Skill      XL: |  1  2  3  4  5  6  7  8 |
---------------+-------------------------+-----
Stealth        | 3 4 5 |  5.5
Dodging        | 3 4 |  4.8
Fighting       | 1 2 |  2.8
Summonings     | 2 3 4 |  4.0
Conjurations   | 2 3 4 |  4.1
Translocations | 2 3 4 |  4.1
Spellcasting   | 5 6 |  6.5
Shields        | 1 2 |  2.5
Fire Magic     | 1 2 |  2.0
Air Magic      | 1 2 |  2.6
Invocations    | 1 |  1.6
Armour         | |  0.9

Action                   |  1- 3 |  4- 6 |  7- 9 || total
-------------------------+-------+-------+-------++-------
Melee: Dagger            |    27 |   149 |   192 ||   368
 Cast: Magic Dart        |    80 |    85 |    62 ||   227
       Call Imp          |     3 |    18 |    25 ||    46
       Blink             |       |       |     5 ||     5
  Use: Scroll            |     1 |    15 |     3 ||    19
       Potion            |       |       |     2 ||     2
 Stab: Sleeping          |       |     2 |     1 ||     3
       Distracted        |       |     1 |     2 ||     3
Armor: Robe              |     4 |    41 |    58 ||   103
       Leather armour    |       |       |    39 ||    39
Dodge: Dodged            |    20 |    86 |   241 ||   347
Block: Buckler           |       |    32 |    47 ||    79

Table legend: (Time is in decaauts)
 A = Elapsed time spent in this place.
 B = Non-inter-level travel time spent in this place.
 C = Inter-level travel time spent in this place.
 D = Time resting spent in this place.
 E = Time spent auto-exploring this place.
 F = Levels seen in this place.
 G = Mean time per level.
                   A        B        C        D        E       F      G
               +--------+--------+--------+--------+--------+-----+--------+
         Total |  10380 |  10082 |    298 |   4417 |   3479 |   7 | 1482.9 |
       Dungeon |   9899 |   9682 |    217 |   4417 |   3096 |   6 | 1649.8 |
        Temple |    480 |    399 |     81 |      0 |    383 |   1 |  480.0 |
               +--------+--------+--------+--------+--------+-----+--------+

Top non-repeatable levels by time:
     D:5: 3399 daAuts
     D:2: 1710 daAuts
     D:4: 1378 daAuts
     D:1: 1346 daAuts
     D:3: 1098 daAuts
     D:6: 967 daAuts
  Temple: 480 daAuts
